 Dungeon Sprint DCSS version 0.30-a0-728-gc68057be0a (webtiles) character file.

Game seed: 1136021081631475052

50 Oxelix the Carver (level 6, -14/64 HPs)
             Began as a Minotaur Fighter on Jan 31, 2023.
             Was a Believer of Wu Jian.
             Demolished by a two-headed ogre
             ... wielding a +0 giant club
              (22 damage)
             ... in the Dungeon (Sprint VI: "Thunderdome").
             The game lasted 00:04:35 (348 turns).

Oxelix the Carver (Minotaur Fighter)                 Turns: 348, Time: 00:04:36

Health: -14/64     AC:  6    Str: 27    XL:     6   Next: 10%
Magic:  5/5        EV:  9    Int:  8    God:    Wu Jian [**....]
Gold:   145        SH:  9    Dex: 11    Spells: 5/5 levels left

rFire   . . .      SeeInvis +    a - +0 long sword
rCold   . . .      Faith    .    c - +0 buckler
rNeg    + + .      Spirit   .    b - +0 scale mail
rPois   +          Reflect  +    (helmet restricted)
rElec   +          Harm     .    (no cloak)
rCorr   .          Rampage  .    (no gloves)
Will    .....      NoTele   +    (no boots)
Stlth   +                        p - amulet of Ydomepos {Reflect rPois SH+5}
HPRegen 0.30/turn                q - ring "Qunusaxt" {rElec rN+ Str+6}
MPRegen 0.09/turn                o - ring "Dixoet" {rN+ Int+3 SInv Stlth+}

@: hasted, very quick
A: horns 2, retaliatory headbutt
a: Renounce Religion, Wall Jump


You were in the Dungeon.
You worshipped Wu Jian.
Wu Jian was pleased with you.
You visited 1 branch You collected 280 gold pieces.
You spent 135 gold pieces at shops.

Inventory:

Hand Weapons
 a - a +0 long sword (weapon)
Armour
 b - a +0 scale mail (worn)
 c - a +0 buckler (worn)
Jewellery
 o - the ring "Dixoet" (right hand) {rN+ Int+3 SInv Stlth+}
   (You bought it in a shop in the Dungeon)

   [ring of see invisible]

   Int:       It affects your intelligence (+3).
   rN:        It protects you from negative energy.
   SInv:      It lets you see invisible.
   Stlth:     It makes you more stealthy.
 p - the amulet of Ydomepos (around neck) {Reflect rPois SH+5}
   (You bought it in a shop in the Dungeon)

   [amulet of reflection]

   It reflects blocked missile attacks.
   rPois:     It protects you from poison.
   SH:        It affects your SH (+5).
 q - the ring "Qunusaxt" (left hand) {rElec rN+ Str+6}
   (You bought it in a shop in the Dungeon)

   [ring of strength]

   Str:       It affects your strength (+6).
   rElec:     It insulates you from electricity.
   rN:        It protects you from negative energy.
Wands
 l - a wand of light (3)
 m - a wand of roots (3)
Scrolls
 j - 4 scrolls of blinking
 n - 3 scrolls of fog
Potions
 d - a potion of might
 e - 2 potions of curing
 f - 4 potions of heal wounds
 g - 3 potions of haste
 h - 2 potions of magic
 i - a potion of degeneration {unknown}
 k - a potion of resistance


   Skills:
 + Level 9.6 Fighting
 * Level 12.6 Long Blades
 + Level 3.6 Armour
 + Level 0.0 Dodging
 - Level 3.6 Shields


You had 5 spell levels left.
You didn't know any spells.
Your spell library was empty.

Dungeon Overview and Level Annotations

Branches:
Dungeon (1/1)

Altars:
Cheibriados
Dithmenos
Fedhas
Gozag
Kikubaaqudgha
Makhleb
Okawaru
Qazlal
Ru
Sif Muna
Trog
Uskayaw
Vehumet
Wu Jian
Xom
Yredelemnul
Zin
The Shining One
Lugonu

Shops:
D *[??*?*:[((!!!!


Innate Abilities, Weirdness & Mutations

You have a pair of horns on your head.
You reflexively headbutt those who attack you in melee.


Message History

Throw: 4 darts (poison)
Press: ? - help, Q - select action, (/) - cycle Shift-Dir - straight line, f/p - two-headed ogre
Aim: a two-headed ogre, wielding two +0 giant clubs (lightly wounded, 75% to hit)
You throw a poisoned dart.
The poisoned dart hits the two-headed ogre.
The two-headed ogre is poisoned.
The two-headed ogre is lightly wounded.
Throw: 3 darts (poison)
Press: ? - help, Q - select action, (/) - cycle Shift-Dir - straight line, f/p - two-headed ogre
Aim: a two-headed ogre, wielding two +0 giant clubs (lightly wounded, poisoned, 75% to hit)
You throw a poisoned dart.
The poisoned dart hits the two-headed ogre.
The two-headed ogre looks even sicker.
The two-headed ogre is lightly wounded.
Throw: 2 darts (poison)
Press: ? - help, Q - select action, (/) - cycle Shift-Dir - straight line, f/p - two-headed ogre
Aim: a two-headed ogre, wielding two +0 giant clubs (lightly wounded, very poisoned, 75% to hit)
You throw a poisoned dart.
The poisoned dart hits the two-headed ogre.
The two-headed ogre looks even sicker.
The two-headed ogre is lightly wounded.
Throw: dart (poison)
Press: ? - help, Q - select action, (/) - cycle Shift-Dir - straight line, f/p - two-headed ogre
Aim: a two-headed ogre, wielding two +0 giant clubs (lightly wounded, very poisoned, 75% to hit)
You throw a poisoned dart.
The poisoned dart hits the two-headed ogre.
The two-headed ogre looks as sick as possible!
The two-headed ogre is lightly wounded.
You hit the two-headed ogre but do no damage.
The two-headed ogre is moderately wounded.
The two-headed ogre hits you with a +0 giant club!!
* * * LOW HITPOINT WARNING * * *
You block the two-headed ogre's attack.
You hit the two-headed ogre.
The two-headed ogre is moderately wounded.
You lunge at the two-headed ogre.
You slash the two-headed ogre! You headbutt the two-headed ogre!
The two-headed ogre is severely wounded.
The two-headed ogre hits you with a +0 giant club!!
You die...

##∩.......(8.# #[8(.......∩###
........†(...###.............##
..........###...###.(........⌠#
..........# #.<.# #..........⌠#
..........###...###..........⌠#
...[...()....###.............##
##∩.....(..8.# #.8........∩###
##∩___......###......__.∩##
######.8.....O@..8.######
#⌠...........⌠# ###.........###
#_......._# #........_#
#_......._# #∩...†...∩#
##∩..().∩## ##.....##


You could see a two-headed ogre (very poisoned).

Vanquished Creatures
  Sigmund (D)
  A kobold brigand (D)
  Jessica (D)
  Terence (D)
  A worm (D)
  A dart slug (D)
  An endoplasm (D)
  A goblin (D)
  2 hobgoblins (D)
  A kobold (D)
11 creatures vanquished.

Notes
Turn   | Place    | Note
-------+----------+-------------------------------------------
     0 | D        | Oxelix the Minotaur Fighter began the quest for the Orb.
     0 | D        | Reached XP level 1. HP: 19/19 MP: 0/0
     1 | D        | Found a shimmering blue altar of Sif Muna.
     1 | D        | Found a shimmering altar of Xom.
     2 | D        | Found a snail-covered altar of Cheibriados.
     3 | D        | Found an opulent altar of Gozag.
     4 | D        | Found Geirha's Identification Station.
     4 | D        | Found a corrupted altar of Lugonu.
     5 | D        | Found Wenioq's Advanced Armour.
     5 | D        | Found Nijirah's Jewellery.
     5 | D        | Round 1.
     9 | D        | Found an ancient bone altar of Kikubaaqudgha.
    10 | D        | Found a blossoming altar of Fedhas.
    11 | D        | Found a glowing golden altar of the Shining One.
    16 | D        | Reached skill level 3 in Long Blades
    17 | D        | Found Zodgh's Magic Scroll Shop.
    18 | D        | Found Avupsoss's Magic Scroll Shop.
    18 | D        | Found Ciecrif's Must-Have Magic.
    19 | D        | Found a radiant altar of Vehumet.
    19 | D        | Found a bloodstained altar of Trog.
    19 | D        | Found a shadowy altar of Dithmenos.
    19 | D        | Found Cedeom's Staff Store.
    22 | D        | Noticed Terence
    28 | D        | Killed Terence
    29 | D        | Reached skill level 5 in Fighting
    29 | D        | Reached skill level 6 in Long Blades
    29 | D        | Reached XP level 2. HP: 29/29 MP: 1/1
    29 | D        | Reached XP level 3. HP: 36/36 MP: 2/2
    47 | D        | Found a glowing silver altar of Zin.
    48 | D        | Found Edyedi's Premium Goods.
    49 | D        | Found Zyigaent's Miscellaneous Merchandise.
    49 | D        | Found Hupawkeo's Basic Armour.
    50 | D        | Found an iron altar of Okawaru.
    50 | D        | Found an ornate altar of the Wu Jian Council.
    50 | D        | Found a sacrificial altar of Ru.
    50 | D        | Found Didagh's Weapon Rack.
    54 | D        | Found a burning altar of Makhleb.
    58 | D        | Became a worshipper of the Wu Jian Council
    60 | D        | Found a hide-covered altar of Uskayaw.
    66 | D        | Found Lyaklupn's Do-It-Yourself Clinic.
    66 | D        | Found a stormy altar of Qazlal.
    66 | D        | Found a basalt altar of Yredelemnul.
    66 | D        | Found Ostecupp's Distillery.
    67 | D        | Found Garuiraw's Bottled Wisdom.
    67 | D        | Found Zequdeat's Distillery.
    87 | D        | Noticed Sigmund
    96 | D        | Killed Sigmund
    97 | D        | Reached skill level 11 in Long Blades
    97 | D        | Reached XP level 4. HP: 49/49 MP: 3/3
    97 | D        | Reached XP level 5. HP: 56/56 MP: 4/4
   132 | D        | Noticed Jessica
   145 | D        | Killed Jessica
   145 | D        | Reached * piety under Wu Jian
   145 | D        | Arena points: 14 (+14) [x2]
   178 | D        | Round 2.
   205 | D        | Bought a brightly glowing lead ring for 45 gold pieces
   205 | D        | Identified the ring "Dixoet" {rN+ Int+3 SInv Stlth+} (You
                  | bought it in a shop in the Dungeon)
   205 | D        | Bought a heavily runed emerald amulet for 45 gold pieces
   205 | D        | Identified the amulet of Ydomepos {Reflect rPois SH+5} (You
                  | bought it in a shop in the Dungeon)
   205 | D        | Bought a clouded golden ring for 45 gold pieces
   205 | D        | Identified the ring "Qunusaxt" {rElec rN+ Str+6} (You
                  | bought it in a shop in the Dungeon)
   235 | D        | Reached ** piety under Wu Jian
   245 | D        | Arena points: 50 (+36) [x3]
   246 | D        | Reached skill level 12 in Long Blades
   246 | D        | Reached XP level 6. HP: 54/64 MP: 5/5
   298 | D        | Round 3.
   308 | D        | Noticed a two-headed ogre
   348 | D        | Demolished by a two-headed ogre

Illustrated notes

Levels and vault maps discovered:
D:        arena_sprint

Skill      XL: |  1  2  3  4  5 |
---------------+----------------+-----
Fighting       | 5 8 9 |  9.6
Long Blades    | 6 11 12 | 12.6
Armour         | |  3.6
Shields        | |  3.6

Action                     |  1- 3 |  4- 6 || total
---------------------------+-------+-------++-------
  Melee: Long sword        |    11 |    22 ||    33
         Headbutt          |     2 |     7 ||     9
  Throw: Dart              |       |     6 ||     6
Ability: Lunge             |       |     3 ||     3
  Evoke: Wand              |     4 |       ||     4
    Use: Potion            |     1 |     1 ||     2
   Stab: Invisible         |     1 |       ||     1
 Armour: Scale mail        |       |     1 ||     1
  Dodge: Dodged            |     1 |     6 ||     7
  Block: Buckler           |     2 |     4 ||     6

Table legend: (Time is in decaauts)
 A = Elapsed time spent in this place.
 B = Non-inter-level travel time spent in this place.
 C = Inter-level travel time spent in this place.
 D = Time resting spent in this place.
 E = Time spent auto-exploring this place.
 F = Levels seen in this place.
 G = Mean time per level.
                   A        B        C        D        E       F      G
               +--------+--------+--------+--------+--------+-----+--------+
         Total |    344 |    344 |      0 |     14 |     88 |   1 |  344.0 |
       Dungeon |    344 |    344 |      0 |     14 |     88 |   1 |  344.0 |
               +--------+--------+--------+--------+--------+-----+--------+

Top non-repeatable levels by time:
       D: 344 daAuts
